 Dungeon Crawl Stone Soup version 0.20.1-1-g8b1a95d (webtiles) character file.

126 letownia2 the Grave Robber (level 4, -2/36 HPs)
             Began as a Deep Dwarf Necromancer on Nov 29, 2017.
             Slain by an ogre
             ... wielding a +0 giant club
              (15 damage)
             ... on level 5 of the Dungeon.
             The game lasted 00:04:28 (1399 turns).

letownia2 the Grave Robber (Deep Dwarf Necromancer) Turns: 1399, Time: 00:04:28

Health: -2/36      AC:  5    Str: 11    XL:     4   Next: 84%
Magic:  2/8        EV: 11    Int: 17    God:
Gold:   82         SH:  0    Dex: 13    Spells: 5/9 levels left

rFire    . . .     SeeInvis .   d - +0 quarterstaff
rCold    . . .     Gourm    .   (shield currently unavailable)
rNeg     . . .     Faith    .   h - +0 ring mail
rPois    .         Spirit   .   (no helmet)
rElec    .         Reflect  .   (no cloak)
rCorr    .         Harm     .   (no gloves)
MR       .....                  (no boots)
Stlth    +.........             (no amulet)
Regen    0.0/turn               (no ring)
MPRegen  0.2/turn               (no ring)

@: very slightly contaminated, non-regenerating
A: damage resistance, heal wounds, sense surroundings 1, no regeneration
a: Heal Wounds


You were on level 5 of the Dungeon.
You were near starving.

You visited 1 branch of the dungeon, and saw 5 of its levels.

You collected 82 gold pieces.

Inventory:

Hand Weapons
 d - a +0 quarterstaff (weapon)
Armour
 a - a +0 robe
 h - a +0 ring mail (worn)
 s - a cursed +0 leather armour
Jewellery
 o - an uncursed ring of see invisible {unknown}
 p - an uncursed amulet of regeneration {unknown}
Scrolls
 e - a scroll of identify
 i - a scroll of remove curse
 j - a scroll of enchant armour {unknown}
 t - a scroll of magic mapping {unknown}
 u - a scroll of immolation {unknown}
 v - a scroll of enchant weapon {unknown}
Potions
 l - a potion of flight {unknown}
 n - a potion of brilliance {unknown}
 q - a potion of heal wounds {unknown}
 r - a potion of ambrosia
Books
 b - a book of Necromancy

   Spells                             Type                      Level
   a - Pain                           Necromancy                   1
   b - Animate Skeleton               Necromancy                   1
   c - Vampiric Draining              Necromancy                   3
   d - Regeneration                   Charms/Necromancy            3
   e - Animate Dead                   Necromancy                   4
   f - Control Undead                 Necromancy                   4
 k - a book of Cantrips

   Spells                             Type                      Level
   a - Confusing Touch                Hexes                        1
   b - Animate Skeleton               Necromancy                   1
   c - Summon Small Mammal            Summoning                    1
   d - Apportation                    Translocation                1
Comestibles
 c - a bread ration
 f - 2 fruits
 g - a royal jelly
 m - a meat ration


   Skills:
 - Level 2.1 Dodging
 - Level 2.4 Stealth
 + Level 3.1 Spellcasting
 + Level 5.8 Necromancy


You had 5 spell levels left.
You knew the following spells:

 Your Spells              Type           Power        Failure   Level  Hunger
a - Pain                  Necr           ###.         3%          1    None
v - Vampiric Draining     Necr           ###.......   11%         3    ###....


Dungeon Overview and Level Annotations

Branches:
Dungeon (5/15)
 Temple: D:4-7

Altars:
Ashenzari
Fedhas
Ru


Innate Abilities, Weirdness & Mutations

You are resistant to damage.
You can heal yourself by infusing magical energy.
You passively map a small area around you.
You do not regenerate.


Message History

Aim: an ogre, wielding a giant club The ogre is moderately wounded.
You feel life coursing into your body. The hound misses you.
The centaur skeleton misses you. The ogre closely misses you.
The hound bites you.
Unknown command.
Unknown command.
You aren't carrying any items that you can evoke.
Unknown command.
Okay, then.
As you read the scroll labeled DEBBUR NAESKOC, it crumbles to dust.
It is a scroll of identify.
r - a potion of ambrosia The centaur skeleton barely misses you.
The hound barely misses you. The ogre hits you with a giant club.
The centaur skeleton barely misses you.
As you read the scroll labeled TYEMAWNODI, it crumbles to dust.
You feel blessed for a moment.
It was a scroll of remove curse.
The hound barely misses you. The centaur skeleton hits you.
The ogre hits you with a giant club!
You die...

, , , , ....... ,, ,
*....... * , ......# * , ,
, , .....# ,,, .....# * ,
, * * .....# * #####Z....#
######JSh@O# #....#Y#####
#......##############
#..Y.###.....##.....##
#....##..............#####
#....Y.O..Y...........##..
#........................#
#....#................####
#...!#................#


You could see a sky beast, an ogre, a hound, an ooze, an adder and a centaur
skeleton.

Vanquished Creatures
  A scorpion (D:4)
  An orc priest (D:5)
  A worker ant (D:5)
  2 adders
  2 bats (D:3)
  A giant cockroach (D:3)
  A goblin (D:2)
  2 frilled lizards
  2 kobolds (D:3)
13 creatures vanquished.

Notes
Turn   | Place    | Note
-------+----------+-------------------------------------------
     0 | D:1      | letownia2 the Deep Dwarf Necromancer began the quest for the Orb.
     0 | D:1      | Reached XP level 1. HP: 15/15 MP: 3/3
     3 | D:1      | You fall through a shaft!
    31 | D:2      | Found a shattered altar of Ashenzari.
   119 | D:3      | Reached XP level 2. HP: 13/22 MP: 0/5
   414 | D:4      | Found a sacrificial altar of Ru.
   423 | D:4      | Noticed a scorpion
   447 | D:4      | Killed a scorpion
   447 | D:4      | Reached skill level 5 in Necromancy
   447 | D:4      | Reached XP level 3. HP: 4/28 MP: 0/7
   452 | D:4      | Learned a level 3 spell: Vampiric Draining
   470 | D:4      | Noticed an ogre
   483 | D:5      | Entered Level 5 of the Dungeon
   542 | D:5      | Reached XP level 4. HP: 5/36 MP: 1/8
  1092 | D:5      | Noticed an ice beast
  1130 | D:5      | HP: 1/36 [orc priest/divine providence (10)]
  1131 | D:5      | Found a blossoming altar of Fedhas.
  1336 | D:5      | Noticed an ogre
  1368 | D:5      | Noticed a sky beast
  1394 | D:5      | Noticed an ogre
  1399 | D:5      | Slain by an ogre

Skill      XL: |  1  2  3  4 |
---------------+-------------+-----
Spellcasting   | 2 3 |  3.1
Necromancy     | 5 |  5.8
Dodging        | |  2.1
Stealth        | |  2.4

Action                   |  1- 3 |  4- 6 || total
-------------------------+-------+-------++-------
Melee: Quarterstaff      |     3 |       ||     3
 Cast: Pain              |    22 |     1 ||    23
       Vampiric Draining |       |    10 ||    10
  Use: Scroll            |       |     2 ||     2
  Eat: Chunk             |       |     1 ||     1
Armor: Ring mail         |       |    11 ||    11
Dodge: Dodged            |     4 |    29 ||    33
